3L
BROOKLYN DODGERS @ HARTFORD WHALERS
08/16/2025
 
TOP OF THE 1ST
Brooklyn Dodgers batting - Pitching for Hartford Whalers : RHP Collin Hill
Pitching: RHP Collin Hill
Batting: SHB Juan Rivas 0-0: Ball
1-0: Ball
2-0: Ball
3-0: Base on Balls
Batting: RHB Oliver Aranda 0-0: Ball
Juan Rivas is caught stealing 2nd base
1-0: Foul Ball, location: 2F
1-1: Ground out 5-3 (Groundball, 56S)
Batting: SHB Leonard O'Connor 0-0: Ball
1-0: Ball
2-0: Fly out, F8 (Flyball, 8RD)
Top of the 1st over - 0 run(s), 0 hit(s), 0 error(s), 0 left on base; Brooklyn 0 - Hartford 0
BOTTOM OF THE 1ST
Hartford Whalers batting - Pitching for Brooklyn Dodgers : LHP Lorenzo Sánchez
Pitching: LHP Lorenzo Sánchez
Batting: RHB Joe Craig 0-0: Swinging Strike
0-1: Ball
1-1: Ball
2-1: Ground out 6-3 (Groundball, 6S)
Batting: RHB Rodrigo Lugo 0-0: Ball
1-0: Ball
2-0: Called Strike
2-1: Fly out, F9 (Flyball, 89M)
Batting: RHB Juan García 0-0: Swinging Strike
0-1: Foul Ball, location: 2F
0-2: Ball
1-2: Ball
2-2: Foul Ball, location: 2F
2-2: Foul Ball, location: 2F
2-2: Fly out, F9 (Flyball, 9)
Bottom of the 1st over - 0 run(s), 0 hit(s), 0 error(s), 0 left on base; Brooklyn 0 - Hartford 0
TOP OF THE 2ND
Brooklyn Dodgers batting - Pitching for Hartford Whalers : RHP Collin Hill
Batting: RHB Gustavo Mateo 0-0: SINGLE (Groundball, 34D)
Batting: LHB Avon Barksdale 0-0: Ball
1-0: Foul Ball, location: 2F
1-1: Ball
2-1: Foul Ball, location: 2F
2-2: SINGLE (Line Drive, 3L)
Gustavo Mateo to second
Batting: LHB Ron Bascombe 0-0: Ball
1-0: Ball
2-0: Swinging Strike
2-1: Foul Ball, location: 2F
2-2: Foul Ball, location: 2F
2-2: Ball
3-2: Fly out, F8 (Flyball, 8RD)
Batting: RHB Thom Wilcox 0-0: Ball
1-0: Foul Ball, location: 2F
1-1: SINGLE (Line Drive, 6D)
Gustavo Mateo to third
Avon Barksdale to second
Batting: SHB Felipe Cisneros 0-0: Called Strike
0-1: Swinging Strike
0-2: Fly out, F8 (Flyball, 8LS)
Runner from 3rd tags up, SCORES, no throw
Batting: RHB Vincent Crane 0-0: Called Strike
0-1: SINGLE (Line Drive, 89M)
Avon Barksdale to third
Thom Wilcox to second
Batting: SHB Juan Rivas 0-0: Ball
1-0: Fly out, F7 (Line Drive, 7LM)
Top of the 2nd over - 1 run(s), 4 hit(s), 0 error(s), 3 left on base; Brooklyn 1 - Hartford 0
BOTTOM OF THE 2ND
Hartford Whalers batting - Pitching for Brooklyn Dodgers : LHP Lorenzo Sánchez
Batting: SHB Virgil Eberle 0-0: Fly out, F9 (Flyball, 9LM)
Batting: SHB Jorge Barrios 0-0: Called Strike
0-1: Foul Ball, location: 2F
0-2: Foul Ball, location: 2F
0-2: Ball
1-2: Ball
2-2: Strikes out swinging, 2-3 out at first.
Batting: LHB Emílio Sáenz 0-0: Ball
1-0: Foul Ball, location: 2F
1-1: Ground out 4-3 (Groundball, 34)
Bottom of the 2nd over - 0 run(s), 0 hit(s), 0 error(s), 0 left on base; Brooklyn 1 - Hartford 0
TOP OF THE 3RD
Brooklyn Dodgers batting - Pitching for Hartford Whalers : RHP Collin Hill
Batting: RHB Oliver Aranda 0-0: Ball
1-0: Ball
2-0: Called Strike
2-1: Foul Ball, location: 2F
2-2: Foul Ball, location: 2F
2-2: SINGLE (Line Drive, 7S)
Batting: SHB Leonard O'Connor 0-0: Ball
1-0: DOUBLE (Groundball, 3L)
Oliver Aranda to third
Runner from 3rd tries for Home, SAFE, no throw
Batting: RHB Gustavo Mateo 0-0: Hit by Pitch
Batting: LHB Avon Barksdale 0-0: Fly out, F9 (Flyball, 9S)
Batting: LHB Ron Bascombe 0-0: Ball
1-0: Foul Ball, location: 2F
1-1: Fielders Choice at 2nd, 4-6 (Groundball, 4)
Leonard O'Connor to third
Batting: RHB Thom Wilcox 0-0: Swinging Strike
0-1: Ball
1-1: Ball
2-1: Called Strike
2-2: Foul Ball, location: 2F
2-2: Ball
3-2: Fly out, F7 (Flyball, 7S)
Top of the 3rd over - 1 run(s), 2 hit(s), 0 error(s), 2 left on base; Brooklyn 2 - Hartford 0
BOTTOM OF THE 3RD
Hartford Whalers batting - Pitching for Brooklyn Dodgers : LHP Lorenzo Sánchez
Batting: SHB Al Anderson 0-0: Fly out, F7 (Flyball, 7LM)
Batting: RHB Jake Hutchinson 0-0: Swinging Strike
0-1: Ball
1-1: Swinging Strike
1-2: Ball
2-2: Fly out, F6 (Popup, 56)
Batting: RHB Juan Tapia 0-0: Ball
1-0: SINGLE (Groundball, 25) (infield hit)
Batting: RHB Joe Craig 0-0: Called Strike
0-1: Ball
Pickoff Throw to First - Out!
Bottom of the 3rd over - 0 run(s), 1 hit(s), 0 error(s), 0 left on base; Brooklyn 2 - Hartford 0
TOP OF THE 4TH
Brooklyn Dodgers batting - Pitching for Hartford Whalers : RHP Collin Hill
Batting: SHB Felipe Cisneros 0-0: Called Strike
0-1: Swinging Strike
0-2: Ball
1-2: Fly out, F4 (Popup, 4)
Batting: RHB Vincent Crane 0-0: Called Strike
0-1: Ball
1-1: Ball
2-1: Foul Ball, location: 2F
2-2: SINGLE (Groundball, 4) (infield hit)
Batting: SHB Juan Rivas Pickoff Throw to First - Out!
0-0: Foul Ball, location: 2F
0-1: Reached on error, E4 (Groundball, 34)
Batting: RHB Oliver Aranda 0-0: Ball
1-0: Called Strike
1-1: Swinging Strike
1-2: Fielders Choice at 2nd, 6-4 (Groundball, 6)
Top of the 4th over - 0 run(s), 1 hit(s), 1 error(s), 0 left on base; Brooklyn 2 - Hartford 0
BOTTOM OF THE 4TH
Hartford Whalers batting - Pitching for Brooklyn Dodgers : LHP Lorenzo Sánchez
Batting: RHB Joe Craig 0-0: Ball
1-0: Foul Ball, location: 2F
1-1: Fly out, F9 (Flyball, 9S)
Batting: RHB Rodrigo Lugo 0-0: Ball
1-0: Fly out, F8 (Flyball, 8RM)
Batting: RHB Juan García 0-0: Ball
1-0: Foul Ball, location: 2F
1-1: Foul Ball, location: 2F
1-2: SINGLE (Line Drive, 8LS)
Batting: SHB Virgil Eberle 0-0: Ball
1-0: Ball
2-0: Called Strike
2-1: Fly out, F7 (Flyball, 7LMF)
Bottom of the 4th over - 0 run(s), 1 hit(s), 0 error(s), 1 left on base; Brooklyn 2 - Hartford 0
TOP OF THE 5TH
Brooklyn Dodgers batting - Pitching for Hartford Whalers : RHP Collin Hill
Batting: SHB Leonard O'Connor 0-0: Foul Ball, location: 2F
0-1: Foul Ball, location: 2F
0-2: Ball
1-2: Ball
2-2: Ball
3-2: Foul Ball, location: 2F
3-2: Foul Ball, location: 2F
3-2: Fly out, F9 (Flyball, 9LSF)
Batting: RHB Gustavo Mateo 0-0: Ball
1-0: Called Strike
1-1: Ball
2-1: SOLO HOME RUN (Flyball, 78XD), Distance : 437 ft
Batting: LHB Avon Barksdale 0-0: Ball
1-0: Called Strike
1-1: Ball
2-1: Swinging Strike
2-2: Ball
3-2: Base on Balls
Pitching: LHP José Rico
Batting: LHB Ron Bascombe 0-0: Foul Ball, location: 2F
0-1: SINGLE (Groundball, 34S) (infield hit)
Avon Barksdale to second
Batting: RHB Thom Wilcox 0-0: Ball
1-0: Called Strike
1-1: Ball
2-1: Ball
3-1: Foul Ball, location: 2F
3-2: Base on Balls
Avon Barksdale to third
Ron Bascombe to second
Batting: SHB Felipe Cisneros 0-0: Swinging Strike
0-1: Ball
1-1: Swinging Strike
1-2: Strikes out swinging
Batting: RHB Vincent Crane 0-0: Foul Ball, location: 2F
0-1: Swinging Strike
0-2: Ball
1-2: Strikes out swinging
Top of the 5th over - 1 run(s), 2 hit(s), 0 error(s), 3 left on base; Brooklyn 3 - Hartford 0
BOTTOM OF THE 5TH
Hartford Whalers batting - Pitching for Brooklyn Dodgers : LHP Lorenzo Sánchez
Batting: SHB Jorge Barrios 0-0: Called Strike
0-1: Ball
1-1: Foul Ball, location: 2F
1-2: Fly out, F9 (Flyball, 9S)
Batting: LHB Emílio Sáenz 0-0: Ball
1-0: Foul Ball, location: 2F
1-1: Foul Ball, location: 2F
1-2: Ball
2-2: Strikes out swinging
Batting: SHB Al Anderson 0-0: Ground out 6-3 (Groundball, 56)
Bottom of the 5th over - 0 run(s), 0 hit(s), 0 error(s), 0 left on base; Brooklyn 3 - Hartford 0
TOP OF THE 6TH
Brooklyn Dodgers batting - Pitching for Hartford Whalers : LHP José Rico
Batting: SHB Juan Rivas 0-0: Foul Ball, location: 2F
0-1: Swinging Strike
0-2: Strikes out swinging
Batting: RHB Oliver Aranda 0-0: Ground out 5-3 (Groundball, 56)
Batting: SHB Leonard O'Connor 0-0: Ball
1-0: Called Strike
1-1: Foul Ball, location: 2F
1-2: Ball
2-2: Foul Ball, location: 2F
2-2: Foul Ball, location: 2F
2-2: Foul Ball, location: 2F
2-2: Ball
3-2: Fly out, F9 (Flyball, 9)
Top of the 6th over - 0 run(s), 0 hit(s), 0 error(s), 0 left on base; Brooklyn 3 - Hartford 0
BOTTOM OF THE 6TH
Hartford Whalers batting - Pitching for Brooklyn Dodgers : LHP Lorenzo Sánchez
Batting: RHB Jake Hutchinson 0-0: Foul Ball, location: 2F
0-1: Called Strike
0-2: Ball
1-2: Foul Ball, location: 2F
1-2: Foul Ball, location: 2F
1-2: Ground out 6-3 (Groundball, 6)
Batting: RHB Juan Tapia 0-0: Foul Ball, location: 2F
0-1: Fly out, F8 (Flyball, 8LM)
Batting: RHB Joe Craig 0-0: Ball
1-0: Swinging Strike
1-1: Ball
2-1: Foul Ball, location: 2F
2-2: Ball
3-2: Foul Ball, location: 2F
3-2: Foul Ball, location: 2F
3-2: Fly out, F2 (Popup, 3S)
Bottom of the 6th over - 0 run(s), 0 hit(s), 0 error(s), 0 left on base; Brooklyn 3 - Hartford 0
TOP OF THE 7TH
Brooklyn Dodgers batting - Pitching for Hartford Whalers : LHP José Rico
Batting: RHB Gustavo Mateo 0-0: Called Strike
0-1: Ball
1-1: Foul Ball, location: 2F
1-2: Strikes out swinging
Batting: LHB Avon Barksdale 0-0: Ball
1-0: SOLO HOME RUN (Flyball, 89XD), Distance : 429 ft
Batting: LHB Ron Bascombe 0-0: Ground out U3 (Groundball, 3)
Batting: RHB Thom Wilcox 0-0: Called Strike
0-1: Ball
1-1: Ball
2-1: Called Strike
2-2: Ball
3-2: Fly out, F4 (Popup, 4D)
Top of the 7th over - 1 run(s), 1 hit(s), 0 error(s), 0 left on base; Brooklyn 4 - Hartford 0
BOTTOM OF THE 7TH
Hartford Whalers batting - Pitching for Brooklyn Dodgers : LHP Lorenzo Sánchez
Batting: RHB Rodrigo Lugo 0-0: Called Strike
0-1: SOLO HOME RUN (Flyball, 78XD), Distance : 413 ft
Batting: RHB Juan García 0-0: Ball
1-0: SINGLE (Line Drive, 6MD)
Batting: SHB Virgil Eberle 0-0: Ball
1-0: Foul Ball, location: 2F
1-1: Called Strike
1-2: DOUBLE (Line Drive, 9LM)
Juan García to third
Batting: SHB Jorge Barrios 0-0: Called Strike
0-1: Swinging Strike
0-2: Ball
1-2: Fly out, F7 (Flyball, 78S)
Runner from 3rd tags up, SCORES, throw made
Batting: LHB Emílio Sáenz 0-0: Ball
1-0: Foul Ball, location: 2F
1-1: SINGLE (Groundball, 34D)
Virgil Eberle to third
Runner from 3rd tries for Home, SAFE, no throw
Batting: SHB Al Anderson 0-0: Called Strike
0-1: Ball
1-1: Ball
2-1: Ball
3-1: SINGLE (Groundball, 3) (infield hit)
Emílio Sáenz to second
Batting: RHB Jake Hutchinson 0-0: Foul Ball, location: 2F
0-1: SINGLE (Flyball, 9S)
Emílio Sáenz to third
Al Anderson to second
Runner from 3rd tries for Home, SAFE, throw made home
Batting: RHB Juan Tapia 0-0: Ball
1-0: Foul Ball, location: 2F
1-1: Foul Ball, location: 2F
1-2: Ball
2-2: Ball
3-2: Base on Balls
Al Anderson to third
Jake Hutchinson to second
Batting: RHB Joe Craig 0-0: Ball
1-0: Ball
2-0: DOUBLE (Flyball, 8LXD)
Al Anderson scores
Jake Hutchinson scores
Juan Tapia to third
Runner from 3rd tries for Home, SAFE, throw made home
Pitching: RHP John Bailey
Batting: RHB Rodrigo Lugo 0-0: Called Strike
0-1: Hit by Pitch
Batting: RHB Juan García 0-0: Ball
1-0: Ball
Joe Craig steals 3rd base
Rodrigo Lugo to second
2-0: Intentional Walk
Batting: SHB Virgil Eberle 0-0: Ball
1-0: Foul Ball, location: 2F
1-1: Fly out, F6 (Popup, 6MS)
Batting: SHB Jorge Barrios 0-0: Called Strike
0-1: Ball
1-1: Ball
2-1: Fly out, F8 (Flyball, 8RXD)
Bottom of the 7th over - 7 run(s), 7 hit(s), 0 error(s), 3 left on base; Brooklyn 4 - Hartford 7
TOP OF THE 8TH
Brooklyn Dodgers batting - Pitching for Hartford Whalers : LHP José Rico
Batting: SHB Felipe Cisneros 0-0: Ball
1-0: Foul Ball, location: 2F
1-1: Ball
2-1: Foul Ball, location: 2F
2-2: Ball
3-2: Strikes out looking
Pitching: LHP Dale Stevens
Batting: RHB Vincent Crane 0-0: Foul Ball, location: 2F
0-1: Ball
1-1: Swinging Strike
1-2: Foul Ball, location: 2F
1-2: Foul Ball, location: 2F
1-2: Strikes out swinging
Batting: SHB Juan Rivas 0-0: Ball
1-0: Ball
2-0: Foul Ball, location: 2F
2-1: SINGLE (Line Drive, 89S)
Pitching: RHP Ryoichi Maruyama
Batting: RHB Oliver Aranda 0-0: Ball
1-0: Ball
2-0: Ball
3-0: Called Strike
3-1: Called Strike
3-2: DOUBLE (Line Drive, 78D)
Juan Rivas to third
Juan Rivas scores
Pitching: RHP Johnny Allen
Batting: SHB Leonard O'Connor 0-0: Fly out, F7 (Line Drive, 78D)
Top of the 8th over - 1 run(s), 2 hit(s), 0 error(s), 1 left on base; Brooklyn 5 - Hartford 7
BOTTOM OF THE 8TH
Hartford Whalers batting - Pitching for Brooklyn Dodgers : RHP John Bailey
Batting: LHB Emílio Sáenz 0-0: Ball
1-0: Called Strike
1-1: Ball
2-1: Ball
3-1: Swinging Strike
3-2: Base on Balls
Batting: SHB Al Anderson 0-0: Ball
1-0: Called Strike
1-1: Bunted foul
1-2: Fly out, F8 (Flyball, 8LD)
Batting: RHB Jake Hutchinson 0-0: Ball
1-0: Foul Ball, location: 2F
1-1: Foul Ball, location: 2F
1-2: Ball
2-2: SINGLE (Line Drive, 34)
Emílio Sáenz to second
Runner from 2nd tries for 3rd, SAFE, throw made to third
Batting: RHB Juan Tapia 0-0: Called Strike
0-1: Ball
1-1: Ball
Wild Pitch!
Emílio Sáenz scores
Jake Hutchinson to second
2-1: Foul Ball, location: 2F
2-2: DOUBLE (Line Drive, 5D)
Jake Hutchinson scores
Batting: RHB Joe Craig 0-0: Ball
1-0: Foul Ball, location: 2F
1-1: Fly out, F8 (Flyball, 8RM)
Batting: RHB Rodrigo Lugo 0-0: Called Strike
0-1: Called Strike
0-2: Ball
1-2: Strikes out swinging
Bottom of the 8th over - 2 run(s), 2 hit(s), 0 error(s), 1 left on base; Brooklyn 5 - Hartford 9
TOP OF THE 9TH
Brooklyn Dodgers batting - Pitching for Hartford Whalers : RHP Johnny Allen
Batting: RHB Gustavo Mateo 0-0: Ground out 4-3 (Groundball, 4)
Batting: LHB Avon Barksdale 0-0: Ball
1-0: Called Strike
1-1: Ball
2-1: Ball
3-1: SOLO HOME RUN (Flyball, 9D), Distance : 432 ft
Batting: LHB Ron Bascombe 0-0: SINGLE (Groundball, 4MD)
Pitching: RHP Andrew Webster
Batting: RHB Thom Wilcox 0-0: Called Strike
0-1: Ball
1-1: Called Strike
1-2: Ball
2-2: DOUBLE (Line Drive, 89D)
Ron Bascombe to third
Runner from 3rd tries for Home, SAFE, no throw
Batting: SHB Felipe Cisneros 0-0: Ball
1-0: Called Strike
1-1: SINGLE (Groundball, 4MD)
Thom Wilcox to third
Batting: RHB Vincent Crane 0-0: Ball
1-0: 3-RUN HOME RUN (Line Drive, 7D), Distance : 372 ft
Pitching: RHP Ernest White
Batting: SHB Juan Rivas 0-0: Called Strike
0-1: Ball
1-1: Ground out 3-1 (Groundball, 3S)
Batting: RHB Oliver Aranda 0-0: Called Strike
0-1: Ball
1-1: Ground out 5-3 (Groundball, 56)
Top of the 9th over - 5 run(s), 5 hit(s), 0 error(s), 0 left on base; Brooklyn 10 - Hartford 9
BOTTOM OF THE 9TH
Hartford Whalers batting - Pitching for Brooklyn Dodgers : RHP John Bailey
Pitching: RHP Folkert van Huizen
Batting: RHB Juan García 0-0: Swinging Strike
0-1: Ball
1-1: Foul Ball, location: 2F
1-2: Foul Ball, location: 2F
1-2: Ball
2-2: Foul Ball, location: 2F
2-2: Ball
3-2: Foul Ball, location: 2F
3-2: SINGLE (Line Drive, 7LS)
Batting: SHB Virgil Eberle 0-0: Ball
1-0: Ball
2-0: Ball
3-0: Called Strike
3-1: Foul Ball, location: 2F
3-2: SINGLE (Groundball, 34D)
Juan García to second
Runner from 2nd tries for 3rd, SAFE, throw made to third
Pinch Runner at 3rd Robbie Chambers:
Batting: SHB Jorge Barrios 0-0: Called Strike
0-1: Ball
1-1: Ball
2-1: Foul Ball, location: 2F
2-2: Strikes out swinging
Batting: LHB Emílio Sáenz 0-0: Called Strike
0-1: Foul Ball, location: 2F
0-2: Ball
1-2: Fielders Choice at 2nd, 6-4 (Groundball, 6)
Robbie Chambers scores
Batting: SHB Al Anderson 0-0: Ball
1-0: Ball
2-0: Ball
3-0: Base on Balls
Emílio Sáenz to second
Batting: RHB Jake Hutchinson 0-0: Ball
1-0: Ball
2-0: Ball
3-0: Base on Balls
Emílio Sáenz to third
Al Anderson to second
Pinch Hitting: LHB Tom Benjamin 0-0: Ball
1-0: Foul Ball, location: 2F
1-1: Fielders Choice at 2nd, 6-4 (Groundball, 6)
Bottom of the 9th over - 1 run(s), 2 hit(s), 0 error(s), 2 left on base; Brooklyn 10 - Hartford 10
TOP OF THE 10TH
Brooklyn Dodgers batting - Pitching for Hartford Whalers : RHP Ernest White
Pitching: RHP Glenn West
Now at C: Thomas Vaughan
Now at 3B: Robbie Chambers
Batting: SHB Leonard O'Connor 0-0: Foul Ball, location: 2F
0-1: Ball
1-1: Ball
2-1: Ball
3-1: Called Strike
3-2: Base on Balls
Batting: RHB Gustavo Mateo 0-0: Swinging Strike
0-1: Foul Ball, location: 2F
0-2: Strikes out swinging
Batting: LHB Avon Barksdale 0-0: Ball
1-0: Ball
2-0: Ball
3-0: Base on Balls
Leonard O'Connor to second
Batting: LHB Ron Bascombe 0-0: Foul Ball, location: 2F
0-1: SINGLE (Groundball, 34D)
Leonard O'Connor to third
Avon Barksdale to second
Batting: RHB Thom Wilcox 0-0: Ball
1-0: Fly out, F9 (Flyball, 9)
Runner from 3rd tags up, SCORES, throw made
Batting: SHB Felipe Cisneros 0-0: Foul Ball, location: 2F
0-1: SINGLE (Line Drive, 5D)
Avon Barksdale to third
Ron Bascombe to second
Batting: RHB Vincent Crane 0-0: Called Strike
0-1: Ball
1-1: SINGLE (Line Drive, 9S)
Avon Barksdale scores
Ron Bascombe to third
Felipe Cisneros to second
Batting: SHB Juan Rivas 0-0: Ball
1-0: Ground out 1-3 (Groundball, 13)
Top of the 10th over - 2 run(s), 3 hit(s), 0 error(s), 3 left on base; Brooklyn 12 - Hartford 10
BOTTOM OF THE 10TH
Hartford Whalers batting - Pitching for Brooklyn Dodgers : RHP Folkert van Huizen
Batting: RHB Joe Craig 0-0: Called Strike
0-1: Ground out 1-3 (Groundball, P)
Batting: RHB Rodrigo Lugo 0-0: Ball
1-0: Foul Ball, location: 2F
1-1: Fly out, F7 (Flyball, 78D)
Batting: RHB Robbie Chambers 0-0: Called Strike
0-1: Ball
1-1: Foul Ball, location: 2F
1-2: Ball
2-2: Ball
3-2: Ground out 6-3 (Groundball, 6)
Bottom of the 10th over - 0 run(s), 0 hit(s), 0 error(s), 0 left on base; Brooklyn 12 - Hartford 10
Friday, December 30th, 2016 - OOTP Baseball 17.12 Build 75